AoeStats
← nicolasti

Arabia

509973284Analyzed
3v3 RM · 5d ago on Sep 28, 2026· 60m 2s· 6 players
Game mode
Random Map
Map size
Normal (6 player)
Population
200
Speed
Normal
Resources
Standard
Victory
Conquest
Starting age
Dark Age
Ending age
Imperial Age
RankedLock teamsTeams togetherTeam positionsShared explorationLock speedFull tech treeHidden civsTurbo modeCheats
Victory
Defeat
🇫🇷 Wei · France
752
+16
🇲🇨 Mongols · Monaco
729
+17
🇲🇨 Magyars · Monaco
603
+22
🇺🇸 Malay · United States
787
-20
🇦🇷 Bulgarians · Argentina
782
-20
🇪🇸 Tatars · Spain
665
-15
jaxom
9:55 Feudal Age
8:10 Loom
10:24 Double-Bit Axe
10:35 Horse Collar
16:13 Forging
19:49 Scale Barding Armor
21:19 Bloodlines
23:30 Castle Age
24:44 Bow Saw
24:37 Heavy Plow
25:21 Fletching
25:32 Padded Archer Armor
26:13 Wheelbarrow
25:24 Town Watch
25:57 Husbandry
25:18 Light Cavalry
28:26 Ballistics
29:50 Gold Mining
29:50 Stone Mining
30:08 Bodkin Arrow
30:28 Leather Archer Armor
31:07 Hand Cart
31:47 Thumb Ring
33:01 Gold Shaft Mining
33:01 Stone Shaft Mining
33:45 Stone Shaft Mining
33:40 Leather Archer Armor
34:35 Iron Casting
34:31 Town Patrol
38:19 Imperial Age
37:51 Murder Holes
37:37 Treadmill Crane
38:08 Masonry
41:37 Parthian Tactics
40:49 Hussar
45:26 Chemistry
44:37 Fortified Wall
44:51 Bracer
45:22 Ring Archer Armor
45:52 Blast Furnace
45:13 Chain Barding Armor
44:54 Scale Mail Armor
45:07 Elite Skirmisher
46:49 Ming Guang Armor
46:45 Conscription
46:26 Tuntian
50:27 Chain Mail Armor
50:20 Squires
49:40 Pikeman
Alijutboa
12:23 Feudal Age
13:15 Double-Bit Axe
15:03 Scale Barding Armor
15:30 Horse Collar
17:00 Bloodlines
23:33 Gold Mining
33:43 Castle Age
37:24 Gold Shaft Mining
36:52 Heavy Plow
37:08 Bow Saw
37:43 Husbandry
37:04 Light Cavalry
44:37 Stone Mining
55:40 Imperial Age
55:55 Heavy Cavalry Archer
57:04 Parthian Tactics
57:48 Chemistry
56:21 Cavalier
59:01 Chain Barding Armor
58:23 Paladin
nicolasti
0:30 Loom
10:36 Feudal Age
11:36 Horse Collar
20:45 Castle Age
19:44 Bloodlines
24:31 Forging
24:52 Scale Barding Armor
29:22 Heavy Plow
29:39 Stone Mining
29:43 Gold Mining
33:36 Double-Bit Axe
34:05 Padded Archer Armor
33:56 Fletching
34:45 Iron Casting
34:31 Chain Barding Armor
35:00 Thumb Ring
34:17 Elite Skirmisher
35:52 Leather Archer Armor
36:15 Bodkin Arrow
36:38 Scale Mail Armor
46:04 Imperial Age
46:41 Gold Shaft Mining
46:28 Bow Saw
48:05 Ballistics
49:01 Chemistry
61:04 Parthian Tactics
RogueShelf83664
0:29 Loom
13:01 Feudal Age
12:42 Horse Collar
13:47 Double-Bit Axe
31:12 Castle Age
p1K4 six/seven
12:12 Feudal Age
10:53 Loom
13:32 Wheelbarrow
12:47 Double-Bit Axe
12:45 Horse Collar
21:04 Castle Age
21:33 Forging
22:02 Hand Cart
23:51 Gold Mining
24:51 Heavy Plow
25:07 Bow Saw
27:05 Scale Barding Armor
26:25 Pikeman
33:50 Imperial Age
31:21 Elite Skirmisher
32:06 Scale Mail Armor
33:57 Iron Casting
34:17 Caravan
35:04 Halberdier
35:14 Cavalier
37:03 Bloodlines
36:48 Fletching
39:14 Chain Barding Armor
40:32 Squires
42:19 Plate Barding Armor
42:28 Husbandry
42:59 Bodkin Arrow
44:25 Blast Furnace
44:47 Parthian Tactics
45:43 Chemistry
45:42 Gold Shaft Mining
45:41 Chain Mail Armor
46:32 Plate Mail Armor
46:53 Padded Archer Armor
pedrocarro
5:28 Loom
11:01 Feudal Age
11:43 Double-Bit Axe
11:40 Horse Collar
13:28 Man-at-Arms
14:41 Gold Mining
17:44 Wheelbarrow
19:01 Town Watch
22:11 Castle Age
22:15 Stone Mining
24:24 Forging
24:05 Fletching
24:15 Padded Archer Armor
24:16 Scale Mail Armor
27:21 Husbandry
27:42 Bloodlines
30:54 Bodkin Arrow
33:14 Gold Shaft Mining
32:55 Heavy Plow
37:42 Leather Archer Armor
37:53 Fervor
41:41 Imperial Age
39:31 Hand Cart
42:36 Heavy Cavalry Archer
45:17 Bracer
45:47 Ring Archer Armor
45:45 Conscription
46:15 Silk Armor
52:00 Timurid Siegecraft
53:08 Masonry
52:54 Murder Holes
52:41 Treadmill Crane
Connection lost

Rejoining the realm…

Still unreachable

The connection could not be restored.

Session expired

The server has moved on; the page needs a fresh start.